 Dungeon Crawl Stone Soup version 0.28.0-45-g0d030f2227 (webtiles) character file.

Game seed: 12487692307909413104

1 themarg the Insei (level 1, -1/17 HPs)
             Began as a Gnoll Transmuter on Apr 13, 2022.
             Slain by a kobold
             ... wielding a +0 club
              (4 damage)
             ... on level 1 of the Dungeon.
             The game lasted 00:01:00 (153 turns).

themarg the Insei (Gnoll Transmuter)                 Turns: 153, Time: 00:01:01

Health: -1/17      AC:  2    Str:  9    XL:     1   Next: 20%
Magic:  5/6        EV: 13    Int: 12    God:
Gold:   0          SH:  0    Dex: 12    Spells: 8/9 levels left

rFire   . . .      SeeInvis .   b - +0 hunting sling
rCold   . . .      Faith    .   (no shield)
rNeg    . . .      Spirit   .   a - +0 robe
rPois   .          Reflect  .   (helmet currently unavailable)
rElec   .          Harm     .   (no cloak)
rCorr   .          Rampage  .   (no gloves)
Will    .....                   (boots currently unavailable)
Stlth   +.........              (no amulet)
HPRegen 0.05/turn               (no ring)
MPRegen 0.10/turn               (no ring)

@: appendages
A: horns 2, talons 2, fangs 1, strong nose, distributed training
a: End Transformation


You were on level 1 of the Dungeon.
You had temporarily grown beastly horns and talons.
You visited 1 branch of the dungeon, and saw 1 of its levels.

Inventory:

Hand Weapons
 b - a +0 hunting sling (weapon)
Missiles
 c - 19 sling bullets (quivered ammo)
Armour
 a - a +0 robe (worn)
 d - a +0 leather armour


   Skills:
 + Level 2.3 Fighting
 + Level 0.0 Short Blades
 + Level 0.0 Long Blades
 + Level 0.0 Axes
 + Level 0.0 Maces & Flails
 + Level 0.0 Polearms
 + Level 0.0 Staves
 + Level 0.0 Slings
 + Level 0.0 Bows
 + Level 0.0 Crossbows
 + Level 0.0 Throwing
 + Level 0.0 Armour
 + Level 4.4 Dodging
 + Level 0.0 Stealth
 + Level 0.0 Shields
 + Level 6.4 Unarmed Combat
 + Level 4.8 Spellcasting
 + Level 0.0 Conjurations
 + Level 0.0 Hexes
 + Level 0.0 Summonings
 + Level 0.0 Necromancy
 + Level 0.0 Translocations
 + Level 3.6 Transmutations
 + Level 0.0 Fire Magic
 + Level 0.0 Ice Magic
 + Level 0.0 Air Magic
 + Level 0.0 Earth Magic
 + Level 0.0 Poison Magic
 + Level 0.0 Invocations
 + Level 0.0 Evocations


You had 8 spell levels left.
You knew the following spells:

 Your Spells              Type           Power      Damage    Failure   Level
a - Beastly Appendage     Tmut           22%        N/A       4%          1

Your spell library contained the following spells:

 Spells                   Type           Power      Damage    Failure   Level
 Wereblood                Tmut           11%        N/A       7%          2
 Spider Form              Tmut/Pois      7%         N/A       28%         3
 Ice Form                 Ice/Tmut       7%         N/A       67%         4


Dungeon Overview and Level Annotations

Branches:
Dungeon (1/15)

Altars:


Innate Abilities, Weirdness & Mutations

You have temporarily grown beastly horns and talons.
You have very sharp teeth.
Your uncanny sense of smell can sniff out nearby items.
Your experience applies equally to all skills.


Message History

You headbutt the endoplasm.
You kill the endoplasm!
You start resting.
Your transformation is almost over.
Magic restored.
You start resting.
Your horns disappear.
Your talons disappear.
HP restored.
Found a stone staircase leading down.
A kobold comes into view. It is wielding a +0 club.
Casting: Beastly Appendage (safe; 4% risk of failure)
Press: ? - help, Q - select action, (/) - cycle Dir - look around, f - activate
Okay, then.
Found a runed spear.
Found a scroll labelled JUGOBE IROH.
A kobold comes into view. It is wielding a +0 dagger.
The kobold shouts!
The kobold barely misses you.
You clumsily bash the kobold but do no damage.
The kobold hits you with a +0 club.
You closely miss the kobold. The kobold closely misses you.
The kobold hits you with a +0 club.
You clumsily bash the kobold but do no damage.
You bite the kobold, but do no damage. The kobold misses you.
You completely miss the kobold. You bite the kobold, but do no damage.
The kobold barely misses you. The kobold hits you with a +0 club.
The kobold closely misses you.
Casting: Beastly Appendage (safe; 4% risk of failure)
Confirm with . or Enter, or press ? or * to list all spells.
You grow a pair of large bovine horns.
Your feet morph into talons.
The kobold misses you. x2
You closely miss the kobold. Your punch misses the kobold.
You bite the kobold, but do no damage. The kobold hits you with a +0 club.
* * * LOW HITPOINT WARNING * * *
The kobold barely misses you.
You barely miss the kobold. You claw the kobold, but do no damage.
Your headbutt misses the kobold. The kobold hits you with a +0 dagger.
* * * LOW HITPOINT WARNING * * *
The kobold hits you with a +0 club.
You die...

########......#.
####.####
∆############.# ...
.#...##.# #.##
....##.#### .## #####..#
#...##.#... ....#......#
#...##.#...
...........###...##.#...
......K@.....#...##.....
.?....K..........##.....
..)............#...#....
........................
........................
.....................###
.....................#
......................
...###..........#


You could see 2 kobolds.

Vanquished Creatures
  An endoplasm (D:1)
1 creature vanquished.

Notes
Turn   | Place    | Note
-------+----------+-------------------------------------------
     0 | D:1      | themarg the Gnoll Transmuter began the quest for the Orb.
     0 | D:1      | Reached XP level 1. HP: 17/17 MP: 6/6
    27 | D:1      | Found a faded altar of an unknown god.
   153 | D:1      | Slain by a kobold

Illustrated notes

Levels and vault maps discovered:
D:1:      dpeg_arrival_ternary, layout_rooms, shapermc_ecumenical_altar_ellora

Action                   || total
-------------------------++-------
Melee: Hunting sling     ||    10
       Kick              ||     3
       Bite              ||     3
       Headbutt          ||     1
 Cast: Beastly Appendage ||     3
Armor: Robe              ||     2
Dodge: Dodged            ||    11
